 Dungeon Crawl Stone Soup version 0.31-a0-202-g547052bce9 (webtiles) character file.

Game seed: 8670345254181112117

5 qw the Shooter (level 1, 0/12 HPs)
             Began as a Deep Elf Hunter on June 25, 2023.
             Slain by a kobold
             ... wielding a +0 short sword
              (1 damage)
             ... on level 1 of the Dungeon.
             The game lasted 00:00:05 (100 turns).

qw the Shooter (Deep Elf Hunter)                     Turns: 100, Time: 00:00:05

Health: 0/12       AC:  4    Str:  8    XL:     1   Next: 66%
Magic:  3/3        EV: 12    Int: 13    God:
Gold:   14         SH:  0    Dex: 18    Spells: 0/0 levels left

rFire   . . .        a - +0 shortbow
rCold   . . .        (shield currently unavailable)
rNeg    . . .        c - +0 leather armour
rPois   .            (no helmet)
rElec   .            (no cloak)
rCorr   .            d - +0 pair of gloves
SInv    .            (no boots)
Will    .....        (no amulet)
Stlth   ++           (no ring)
HPRegen 0.22/turn    (no ring)
MPRegen 0.08/turn

%: no passive effects
@: no status effects
A: no striking features
a: no special abilities


You were on level 1 of the Dungeon.
You visited 1 branch of the dungeon, and saw 1 of its levels.

You collected 14 gold pieces.


   Skills:
 - Level 1.5 Fighting
 + Level 5.7 Ranged Weapons
 - Level 2.4 Dodging
 - Level 1.2 Stealth


You couldn't memorise any spells.
You didn't know any spells.
Your spell library was empty.

Inventory:

Hand Weapons
 a - a +0 shortbow (weapon)
Armour
 c - a +0 leather armour (worn)
 d - a +0 pair of gloves (worn)
Scrolls
 b - a scroll of butterflies

Dungeon Overview and Level Annotations

Branches:
Dungeon (1/15)

Altars:


Message History

The kobold splashes around in the water.
The kobold hits the plant with a +0 short sword.
92 ||| UPGRADING to +0 pair of gloves.
A nearby plant withers and dies.
You start putting on your armour.
You continue putting on your +0 pair of gloves.
The endoplasm closely misses you.
You continue putting on your +0 pair of gloves.
A nearby plant withers and dies.
The kobold splashes around in the water.
The endoplasm hits you but does no damage.
Keep equipping yourself?
You continue putting on your +0 pair of gloves.
The kobold hits you with a +0 short sword.
The endoplasm hits you.
You continue putting on your +0 pair of gloves.
The kobold splashes around in the water.
The endoplasm closely misses you.
You finish putting on your +0 pair of gloves.
You shoot an arrow.
The arrow hits the endoplasm but does no damage.
The kobold hits you but does no damage. The endoplasm freezes you.
You are frozen.
You shoot an arrow. The arrow hits the endoplasm.
The endoplasm is heavily wounded.
The kobold barely misses you. The endoplasm misses you.
The kobold splashes around in the water.
You shoot an arrow.
The arrow hits the endoplasm but does no damage.
The endoplasm is heavily wounded.
The endoplasm freezes you.
You are frozen.
The kobold splashes around in the water.
The endoplasm barely misses you.
You shoot an arrow.
The arrow hits the endoplasm but does no damage.
The endoplasm is heavily wounded.
The kobold hits you with a +0 short sword.
You die...

........~~~~.~77%.#
#7~~.~7~.##
#~~~)~77.#
##P~~.~77.##
#P~~~.~P7..#
7~P~$~~77.#
7~P~.~~7~.#
77~~~.~P7~%#
77~~~P@~77..#
~PP~P~KJ~~..##
~~~~~~~.7..##
..........##
~~~~~~~..%#
~~~~~~PP~##
~~~~~PP~~#
~~~~~~~~## ~~~~~~#


You could see an endoplasm and a kobold.

Vanquished Creatures
  A hobgoblin (D:1)
  2 jackals (D:1)
  A quokka (D:1)
4 creatures vanquished.

Notes
Turn   | Place    | Note
-------+----------+-------------------------------------------
     0 | D:1      | qw the Deep Elf Hunter began the quest for the Orb.
     0 | D:1      | Reached XP level 1. HP: 12/12 MP: 3/3
     0 | D:1      | 0 ||| qw: Version: 0.3-a-22-g0ed2b0b
     0 | D:1      | 0 ||| qw: Game counter: 5714
     0 | D:1      | 0 ||| qw: Melee chars always use a shield: true
     0 | D:1      | 0 ||| qw: God list: Okawaru
     0 | D:1      | 0 ||| qw: Allow faded altars: false
     0 | D:1      | 0 ||| qw: Do Orc after clearing Dungeon:15 true
     0 | D:1      | 0 ||| qw: Do second Lair branch before Depths: true
     0 | D:1      | 0 ||| qw: Lair rune preference: random
     0 | D:1      | 0 ||| qw: Goals: Normal
     0 | D:1      | 0 ||| PLANNING D:1-11
    81 | D:1      | 81 ||| Stepping ~*~*~tactically~*~*~ (water).
    92 | D:1      | 92 ||| UPGRADING to +0 pair of gloves.
    99 | D:1      | HP: 1/12 [frozen (4)]
   100 | D:1      | Slain by a kobold

Levels and vault maps discovered:
D:1:      wander_arrival_estate, layout_basic, serial_shops,
          nicolae_shop_tiny_statue_garden, serial_bayou, serial_bayou_lake_a,
          serial_bayou_pond_a, serial_bayou_lagoon_b, serial_bayou_crossing,
          serial_bayou_lagoon_a, chequers_serial_rivers_marsh

Action                     || total
---------------------------++-------
   Fire: Shortbow          ||    17
 Armour: Leather armour    ||     2
  Dodge: Dodged            ||     9

Table legend:
 A = Non-vault XP
 B = Vault XP
 C = Vault XP percentage of total XP
 D = Non-vault monster count
 E = Vault monster count
 F = Vault count percentage of total count
                 A         B        C        D         E       F
            +---------+---------+-------+---------+---------+-------
      Total |       8 |       0 |   0.0 |       4 |       0 |   0.0
            +---------+---------+-------+---------+---------+-------
        D:1 |       8 |       0 |   0.0 |       4 |       0 |   0.0
            +---------+---------+-------+---------+---------+-------
